SAAA
ALLOWAY HALBERDS @ HIALEAH DODOS
08/28/2021
 
TOP OF THE 1ST
Alloway Halberds batting - Pitching for Hialeah Dodos : RHP José Guzmán
Pitching: RHP José Guzmán
Batting: RHB Orlando López 0-0: Swinging Strike
0-1: Ball
1-1: Ground out 6-3 (Groundball, 56)
Batting: RHB Pedro Santos 0-0: Called Strike
0-1: Ball
1-1: Ball
2-1: Foul Ball, location: 2F
2-2: Foul Ball, location: 2F
2-2: Foul Ball, location: 2F
2-2: Ground out 5-3 (Groundball, 5L)
Batting: RHB Dave Ash 0-0: Ball
1-0: Ball
2-0: Called Strike
2-1: Ground out 5-3 (Groundball, 5S)
Top of the 1st over - 0 run(s), 0 hit(s), 0 error(s), 0 left on base; Alloway 0 - Hialeah 0
BOTTOM OF THE 1ST
Hialeah Dodos batting - Pitching for Alloway Halberds : LHP Allen Yohemas
Pitching: LHP Allen Yohemas
Batting: RHB Ludwig Kluge 0-0: Called Strike
0-1: Ball
1-1: Ball
2-1: SINGLE (Line Drive, 34)
Batting: RHB José Ramírez 0-0: Ball
1-0: Called Strike
1-1: SINGLE (Line Drive, 56D)
Ludwig Kluge to second
Batting: RHB David Nielsen 0-0: Ball
1-0: Foul Ball, location: 2F
1-1: Swinging Strike
1-2: Ball
2-2: Ball
3-2: Grounds into double play, U6-3 (Groundball, 6M)
Ludwig Kluge to third
Batting: RHB Joe Guy 0-0: Ball
1-0: Ball
2-0: Ball
3-0: Base on Balls
Batting: RHB Ji-chol Yang 0-0: Foul Ball, location: 2F
0-1: Ball
1-1: SINGLE (Groundball, 5D)
Ludwig Kluge scores
Joe Guy to second
Batting: LHB Jeff Conklin 0-0: Fly out, F4 (Line Drive, 34)
Bottom of the 1st over - 1 run(s), 3 hit(s), 0 error(s), 2 left on base; Alloway 0 - Hialeah 1
TOP OF THE 2ND
Alloway Halberds batting - Pitching for Hialeah Dodos : RHP José Guzmán
Batting: RHB Dennis Clifton 0-0: Foul Ball, location: 2F
0-1: Foul Ball, location: 2F
0-2: Foul Ball, location: 2F
0-2: Ball
1-2: Ground out 6-3 (Groundball, 6M)
Batting: SHB Ron Peterson 0-0: Ball
1-0: Called Strike
1-1: Ball
2-1: Called Strike
2-2: Ball
3-2: Foul Ball, location: 2F
3-2: Base on Balls
Batting: LHB Francisco Rivas 0-0: Grounds into double play, 1-4-3 (Groundball, 15S)
Top of the 2nd over - 0 run(s), 0 hit(s), 0 error(s), 0 left on base; Alloway 0 - Hialeah 1
BOTTOM OF THE 2ND
Hialeah Dodos batting - Pitching for Alloway Halberds : LHP Allen Yohemas
Batting: RHB Javier Santos 0-0: Ball
1-0: Ball
2-0: Called Strike
2-1: Called Strike
2-2: Ground out 4-3 (Groundball, 4M)
Batting: RHB Pedro Longoria 0-0: Swinging Strike
0-1: Swinging Strike
0-2: Ball
1-2: Ball
2-2: SINGLE (Line Drive, 9S)
Batting: RHB Carl Carlson 0-0: Ball
1-0: Ball
2-0: Called Strike
2-1: Swinging Strike
2-2: Foul Ball, location: 2F
2-2: Foul Ball, location: 2F
2-2: Strikes out swinging
Batting: RHB Ludwig Kluge 0-0: Ground out 6-3 (Groundball, 6)
Bottom of the 2nd over - 0 run(s), 1 hit(s), 0 error(s), 1 left on base; Alloway 0 - Hialeah 1
TOP OF THE 3RD
Alloway Halberds batting - Pitching for Hialeah Dodos : RHP José Guzmán
Batting: RHB Juan Martínez 0-0: Ball
1-0: Called Strike
1-1: Called Strike
1-2: Strikes out swinging
Batting: RHB Tracy Larson 0-0: Foul Ball, location: 2F
0-1: Foul Ball, location: 2F
0-2: Strikes out swinging
Batting: RHB Mike Davis 0-0: Called Strike
0-1: Ball
1-1: Ball
2-1: Foul Ball, location: 2F
2-2: Foul Ball, location: 2F
2-2: Foul Ball, location: 2F
2-2: Ground out 6-3 (Groundball, 6)
Top of the 3rd over - 0 run(s), 0 hit(s), 0 error(s), 0 left on base; Alloway 0 - Hialeah 1
BOTTOM OF THE 3RD
Hialeah Dodos batting - Pitching for Alloway Halberds : LHP Allen Yohemas
Batting: RHB José Ramírez 0-0: Called Strike
0-1: Ground out 6-3 (Groundball, 6M)
Batting: RHB David Nielsen 0-0: Ground out 1-3 (Groundball, 15)
Batting: RHB Joe Guy 0-0: SINGLE (Groundball, 56)
Batting: RHB Ji-chol Yang 0-0: Called Strike
0-1: Foul Ball, location: 2F
0-2: Ball
1-2: DOUBLE (Line Drive, 6D)
Joe Guy to third
Runner from 3rd tries for Home, SAFE, no throw or cutoff
Batting: LHB Jeff Conklin 0-0: Ball
1-0: Ball
2-0: Ball
3-0: Called Strike
3-1: Swinging Strike
3-2: Fly out, F5 (Popup, 5SF)
Bottom of the 3rd over - 1 run(s), 2 hit(s), 0 error(s), 1 left on base; Alloway 0 - Hialeah 2
TOP OF THE 4TH
Alloway Halberds batting - Pitching for Hialeah Dodos : RHP José Guzmán
Batting: RHB Orlando López 0-0: Ball
1-0: Called Strike
1-1: Swinging Strike
1-2: Ball
2-2: Ball
3-2: Strikes out swinging
Batting: RHB Pedro Santos 0-0: Ball
1-0: Swinging Strike
1-1: SINGLE (Line Drive, 8RS)
Batting: RHB Dave Ash 0-0: Ball
Pedro Santos is caught stealing 2nd base
1-0: Called Strike
1-1: Foul Ball, location: 2F
1-2: TRIPLE (Line Drive, 89S)
Batting: RHB Dennis Clifton 0-0: Called Strike
0-1: Ball
1-1: Ball
2-1: Ground out 6-3 (Groundball, 6M)
Top of the 4th over - 0 run(s), 2 hit(s), 0 error(s), 1 left on base; Alloway 0 - Hialeah 2
BOTTOM OF THE 4TH
Hialeah Dodos batting - Pitching for Alloway Halberds : LHP Allen Yohemas
Batting: RHB Javier Santos 0-0: Foul Ball, location: 2F
0-1: Ball
1-1: Ball
2-1: SINGLE (Groundball, 5D)
Batting: RHB Pedro Longoria 0-0: Called Strike
0-1: Ball
1-1: Ball
2-1: Swinging Strike
2-2: Fly out, F8 (Flyball, 8RM)
Batting: RHB Carl Carlson 0-0: Called Strike
0-1: Ball
Javier Santos is caught stealing 2nd base
1-1: Ball
2-1: Ground out 6-3 (Groundball, 6M)
Bottom of the 4th over - 0 run(s), 1 hit(s), 0 error(s), 0 left on base; Alloway 0 - Hialeah 2
TOP OF THE 5TH
Alloway Halberds batting - Pitching for Hialeah Dodos : RHP José Guzmán
Batting: SHB Ron Peterson 0-0: Called Strike
0-1: Ball
1-1: Called Strike
1-2: Fly out, F6 (Line Drive, 6M)
Batting: LHB Francisco Rivas 0-0: Called Strike
0-1: Ground out 1-3 (Groundball, 13)
Batting: RHB Juan Martínez 0-0: Ball
1-0: Foul Ball, location: 2F
1-1: Called Strike
1-2: Strikes out swinging
Top of the 5th over - 0 run(s), 0 hit(s), 0 error(s), 0 left on base; Alloway 0 - Hialeah 2
BOTTOM OF THE 5TH
Hialeah Dodos batting - Pitching for Alloway Halberds : LHP Allen Yohemas
Batting: RHB Ludwig Kluge 0-0: Ball
1-0: Foul Ball, location: 2F
1-1: Ground out 5-3 (Groundball, 5S)
Batting: RHB José Ramírez 0-0: Ball
1-0: Swinging Strike
1-1: Ball
2-1: Foul Ball, location: 2F
2-2: Foul Ball, location: 2F
2-2: Ball
3-2: Foul Ball, location: 2F
3-2: Base on Balls
Batting: RHB David Nielsen 0-0: Called Strike
0-1: Ball
1-1: Ball
2-1: Ground out 4-3 (Groundball, 13)
José Ramírez to second
Batting: RHB Joe Guy 0-0: Swinging Strike
0-1: Ground out 5-3 (Groundball, 5L)
Bottom of the 5th over - 0 run(s), 0 hit(s), 0 error(s), 1 left on base; Alloway 0 - Hialeah 2
TOP OF THE 6TH
Alloway Halberds batting - Pitching for Hialeah Dodos : RHP José Guzmán
Batting: RHB Tracy Larson 0-0: Swinging Strike
0-1: Foul Ball, location: 2F
0-2: Foul Ball, location: 2F
0-2: Ball
1-2: Ball
2-2: Foul Ball, location: 2F
2-2: Foul Ball, location: 2F
2-2: Strikes out swinging
Batting: RHB Mike Davis 0-0: Called Strike
0-1: Ball
1-1: Foul Ball, location: 2F
1-2: Ground out 1-3 (Groundball, 15)
Batting: RHB Orlando López 0-0: Ball
1-0: Foul Ball, location: 2F
1-1: Foul Ball, location: 2F
1-2: Foul Ball, location: 2F
1-2: Ground out 6-3 (Groundball, 6)
Top of the 6th over - 0 run(s), 0 hit(s), 0 error(s), 0 left on base; Alloway 0 - Hialeah 2
BOTTOM OF THE 6TH
Hialeah Dodos batting - Pitching for Alloway Halberds : LHP Allen Yohemas
Batting: RHB Ji-chol Yang 0-0: Foul Ball, location: 2F
0-1: Swinging Strike
0-2: Foul Ball, location: 2F
0-2: Foul Ball, location: 2F
0-2: Hit by Pitch
Batting: LHB Jeff Conklin 0-0: Bunted foul
0-1: Reached on error, E2 (Groundball, 2L)
Ji-chol Yang to third
Batting: RHB Javier Santos 0-0: Foul Ball, location: 2F
0-1: Ball
1-1: Fly out, F9 (Flyball, 89D)
Runner from 3rd tags up, SCORES, no throw
Batting: RHB Pedro Longoria 0-0: Ball
1-0: Ground out 6-3 (Groundball, 6M)
Jeff Conklin to third
Batting: RHB Carl Carlson 0-0: Ball
1-0: Ground out 5-3 (Groundball, 56S)
Bottom of the 6th over - 1 run(s), 0 hit(s), 1 error(s), 1 left on base; Alloway 0 - Hialeah 3
TOP OF THE 7TH
Alloway Halberds batting - Pitching for Hialeah Dodos : RHP José Guzmán
Batting: RHB Pedro Santos 0-0: Foul Ball, location: 2F
0-1: Ball
1-1: DOUBLE (Flyball, 9D)
Batting: RHB Dave Ash 0-0: Fly out, F8 (Flyball, 8RM)
Batting: RHB Dennis Clifton 0-0: Ball
1-0: Ball
2-0: Ground out 4-3 (Groundball, 4)
Pedro Santos to third
Batting: SHB Ron Peterson 0-0: Ball
1-0: Called Strike
1-1: Ball
2-1: Fly out, F2 (Popup, 5SF)
Top of the 7th over - 0 run(s), 1 hit(s), 0 error(s), 1 left on base; Alloway 0 - Hialeah 3
BOTTOM OF THE 7TH
Hialeah Dodos batting - Pitching for Alloway Halberds : LHP Allen Yohemas
Batting: RHB Ludwig Kluge 0-0: Ball
1-0: Ball
2-0: Ball
3-0: Base on Balls
Batting: RHB José Ramírez 0-0: Sac Bunt - play at first, batter OUT! 2-3
Ludwig Kluge to second
Batting: RHB David Nielsen 0-0: Called Strike
0-1: Swinging Strike
0-2: Fly out, F9 (Flyball, 9M)
Batting: RHB Joe Guy 0-0: Ground out 6-3 (Groundball, 6)
Bottom of the 7th over - 0 run(s), 0 hit(s), 0 error(s), 1 left on base; Alloway 0 - Hialeah 3
TOP OF THE 8TH
Alloway Halberds batting - Pitching for Hialeah Dodos : RHP José Guzmán
Batting: LHB Francisco Rivas 0-0: Called Strike
0-1: Fly out, F9 (Line Drive, 9M)
Batting: RHB Juan Martínez 0-0: Ball
1-0: Called Strike
1-1: Called Strike
1-2: Strikes out swinging
Batting: RHB Tracy Larson 0-0: Called Strike
0-1: Ground out 6-3 (Groundball, 56)
Top of the 8th over - 0 run(s), 0 hit(s), 0 error(s), 0 left on base; Alloway 0 - Hialeah 3
BOTTOM OF THE 8TH
Hialeah Dodos batting - Pitching for Alloway Halberds : LHP Allen Yohemas
Batting: RHB Ji-chol Yang 0-0: Foul Ball, location: 2F
0-1: Ground out 5-3 (Groundball, 6)
Batting: LHB Jeff Conklin 0-0: Ball
1-0: Called Strike
1-1: Ground out 4-3 (Groundball, 4M)
Batting: RHB Javier Santos 0-0: Ball
1-0: Foul Ball, location: 2F
1-1: Ground out 4-3 (Groundball, 4)
Bottom of the 8th over - 0 run(s), 0 hit(s), 0 error(s), 0 left on base; Alloway 0 - Hialeah 3
TOP OF THE 9TH
Alloway Halberds batting - Pitching for Hialeah Dodos : RHP José Guzmán
Batting: RHB Mike Davis 0-0: Called Strike
0-1: Ball
1-1: Ball
2-1: Ball
3-1: Swinging Strike
3-2: Foul Ball, location: 2F
3-2: Base on Balls
Pitching: RHP Jesús González
Batting: RHB Orlando López 0-0: Foul Ball, location: 2F
0-1: Ball
1-1: SINGLE (Line Drive, 89S)
Mike Davis to second
Batting: RHB Pedro Santos 0-0: Ball
1-0: Called Strike
1-1: Ball
2-1: Swinging Strike
2-2: Strikes out swinging
Batting: RHB Dave Ash 0-0: Fly out, F8 (Flyball, 8RM)
Pinch Hitting: LHB Mark Crawford 0-0: Ball
1-0: SINGLE (Popup, 5D)
Mike Davis to third
Orlando López to second
Runner from 3rd tries for Home, SAFE, no throw or cutoff
Batting: SHB Ron Peterson 0-0: Swinging Strike
0-1: Foul Ball, location: 2F
0-2: Strikes out swinging
Top of the 9th over - 1 run(s), 2 hit(s), 0 error(s), 2 left on base; Alloway 1 - Hialeah 3
This league is powered by Out of the Park Baseball, the baseball management simulation game for PC, Mac and Linux
Friday, January 22nd, 2016 - OOTP Baseball 16.9 Build 39